 Dungeon Crawl Stone Soup version 0.31.0-32-g396128a36d (webtiles) character file.

Game seed: 5826638145194391129

21475 Doomgape the Peltast (level 12, -1/70 HPs)
             Began as a Gargoyle Fighter on Mar 17, 2024.
             Was a High Priest of Hepliaklqana.
             Slain by a tentacled starspawn (7 damage)
             ... on level 2 of the Abyss on Mar 21, 2024.
             The game lasted 00:47:23 (11948 turns).

Doomgape the Peltast (Gargoyle Fighter)            Turns: 11948, Time: 00:47:23

Health: -1/70      AC: 28    Str: 29    XL:     12   Next: 90%
Magic:  14/14      EV:  8    Int: 10    God:    Hepliaklqana [*****.]
Gold:   1227       SH: 13    Dex:  9    Spells: 11/11 levels left

rFire   + . .        a - +7 morningstar of False Hope {pain, rF+ Str+5}
rCold   . . .        f - +0 kite shield
rNeg    + . .        r - +0 plate armour
rPois   ∞            (no helmet)
rElec   +            y - +1 cloak
rCorr   +            (no gloves)
SInv    .            (no boots)
Will    .....        (no amulet) Stlth
                     t - ring of resist corrosion
HPRegen 0.31/turn    w - +4 ring of slaying
MPRegen 0.14/turn

%: no passive effects
@: about to teleport, studying 3 skills
A: reduced essence, sickness immunity, AC +8, negative energy resistance 1,
electricity resistance, torment resistance 1, petrification resistance,
deterioration 1, low MP 1
a: Renounce Religion, Recall Ancestor, Ancestor Identity, Transference, Idealise


You were on level 2 of the Abyss.
You worshipped Hepliaklqana.
Hepliaklqana was extremely pleased with you.
You visited 2 branches of the dungeon, and saw 13 of its levels.
You visited the Abyss 1 time.
You also visited: Bailey and Gauntlet.

You collected 1227 gold pieces.

Inventory:

Hand Weapons
 a - the +7 morningstar of False Hope (weapon) {pain, rF+ Str+5}
   (You acquired it on level 5 of the Dungeon)

   Str+5:     It affects your strength (+5).
   rF+:       It protects you from fire.
 s - the +10 hammer of the Turnip {freeze, rC++}
   (You found it on level 5 of the Dungeon)

   rC++:      It greatly protects you from cold.
 C - a +5 morningstar of freezing
Missiles
 c - 4 silver javelins
 u - 30 javelins (quivered)
 B - 3 throwing nets
Armour
 f - a +0 kite shield (worn)
 r - a +0 plate armour (worn)
 y - a +1 cloak (worn)
Jewellery
 h - a ring of ice
 q - the ring "Gaodda" {*Slow rPois rC+ Str+4 SInv}
   (You found it in a Gauntlet)

   [ring of protection from cold]

   Str+4:     It affects your strength (+4).
   rC+:       It protects you from cold.
   rPois:     It protects you from poison SInv: It lets you see invisible.
   *Slow:     It may slow you when you take damage.
 t - a ring of resist corrosion (left hand)
 w - a +4 ring of slaying (right hand)
 A - a ring of fire
Wands
 m - a wand of paralysis (3)
 x - a wand of iceblast (17)
 E - a wand of flame (8)
Scrolls
 b - 2 scrolls of identify
 g - 6 scrolls of enchant armour
 i - a scroll of teleportation
 j - a scroll of amnesia
 n - a scroll of poison
 o - 4 scrolls of brand weapon
 p - 2 scrolls of vulnerability
 z - a scroll of silence
 F - a scroll of blinking
 G - a scroll of fear
Potions
 d - 4 potions of mutation
 e - 3 potions of curing
 k - 2 potions of enlightenment
 l - a potion of invisibility
 v - a potion of berserk rage
 D - 2 potions of attraction


   Skills:
 - Level 10.5 Fighting
 + Level 10.8 Maces & Flails
 + Level 14.6 Armour
 + Level 16.4 Shields
 + Level 6.0 Invocations


You had 11 spell levels left.
You didn't know any spells.
Your spell library contained the following spells:

 Spells                   Type           Power      Damage    Failure   Level
 Magic Dart               Conj           0%         1d3       96%         1
 Shock                    Conj/Air       0%         1d3       96%         1
 Blink                    Tloc           0%         N/A       99%         2
 Call Imp                 Summ           0%         N/A       99%         2
 Dazzling Flash           Conj/Hex       0%         N/A       100%        3
 Mephitic Cloud           Conj/Alch/Air  0%         N/A       100%        3
 Swiftness                Air            0%         N/A       100%        3
 Airstrike                Air            0%         2d(0-16)  100%        4
 Curse of Agony           Necr           0%         N/A       100%        5
 Silence                  Hex/Air        0%         N/A       100%        5


Dungeon Overview and Level Annotations

Branches:
Dungeon (12/15)            Temple (1/1) D:4            Lair (0/5) D:8
    Orc (0/2) D:9          Bailey (visited)         Gauntlet (visited)

Altars:
Ashenzari
Cheibriados
Dithmenos
Elyvilon
Fedhas
Gozag
Hepliaklqana
Kikubaaqudgha
Makhleb
Nemelex Xobeh
Okawaru
Qazlal
Ru
Sif Muna
Trog
Uskayaw
Vehumet
Wu Jian
Xom
Yredelemnul
Zin
The Shining One

Shops:
D:3 [   D:9 :

Annotations:
D:7 exclusion: statue
D:9 3 runed translucent doors, nitefall's ghost, journeyman DjCj


Innate Abilities, Weirdness & Mutations

Your life essence is reduced to manifest your ancestor. (-10% HP)
You are immune to sickness and miasma.
Your stone body is resilient. (AC +8)
You are immune to poison.
You resist negative energy. (rN+)
You are resistant to electric shocks. (rElec)
You are resistant to unholy torment.
You are immune to petrification.
Your body sometimes deteriorates upon taking damage.
Your magical capacity is low. (-10% MP)


Message History

Unknown command.
You sock the orange demon!
You kill the orange demon!
The starcursed mass barely misses you.
Your Invocations skill increases to level 6!
Unknown command.
As you read the scroll of teleportation, it crumbles to dust.
You feel strangely unstable.
You feel the power of the Abyss delaying your translocation!
The starcursed mass touches you but does no damage.
Unknown command.
You hit the starcursed mass.
The starcursed mass is lightly damaged.
You block the starcursed mass's attack. A chorus of shrieks assaults your mind.
The starcursed mass touches you but does no damage.
Unknown command.
You hit the starcursed mass but do no damage.
A starcursed mass splits.
Unknown command.
You puncture the tentacled starspawn!
The tentacled starspawn is moderately damaged.
A deafening chorus of shrieks assaults your mind!
* * * LOW HITPOINT WARNING * * *
You suddenly lose the ability to move!
You can move again.
Unknown command.
You hit the tentacled starspawn.
The tentacled starspawn is moderately damaged.
The tentacled starspawn bites you but does no damage.
The tentacled starspawn barely misses you.
Unknown command.
You sock the tentacled starspawn!
The tentacled starspawn is heavily damaged.
A chorus of shrieks assaults your mind.
* * * LOW HITPOINT WARNING * * *
The tentacled starspawn bites you.
* * * LOW HITPOINT WARNING * * *
The tentacled starspawn tentacle-slaps you!
You die...

# # . # . #X
.##
#.####X###..#
.#...#.X.# #
... .#X###
###..4###X.#
# .. .##@#
#### .##..##
##.. X####.#
#.. . # ###
####.4.#. .#
...t##. ## #.
###X###XX#
####...R##X #
## . . X..


You could see 4 starcursed masses and a tentacled starspawn.

Vanquished Creatures
  A minotaur (Gauntlet)
  2 two-headed ogres (D:11)
  A soul eater (Gauntlet)
  A large abomination (Abyss:2)
  An orange crystal statue (Gauntlet)
  2 cyclopes (D:12)
  Maurice (D:8)
  A manticore (D:11)
  A gargoyle (D:12)
  An orange demon (Abyss:2)
  A komodo dragon (D:11)
  A kobold demonologist (D:11)
  A yaktaur (D:12)
  2 hornets
  A troll (D:12)
  7 slime creatures
  2 glass eyes (D:9)
  Sigmund (D:2)
  A shadow (D:9)
  A wraith (D:9)
  4 wyverns
  7 yaks
  2 vampire mosquitoes (D:11)
  A neqoxec (Abyss:2)
  3 steam dragons
  9 orc warriors
  A sky beast (D:7)
  An ice beast (D:5)
  12 centaurs
  5 bullfrogs
  A kobold brigand (D:4)
  3 gnoll sergeants
  A scorpion (D:6)
  2 wights (D:10)
  3 howler monkeys
  4 hounds
  A jelly (D:5)
  4 iguanas
  A starcursed mass (Abyss:2)
  Crazy Yiuf (D:5)
  2 gnoll boudas
  Ijyb (D:3)
  A sleepcap (D:6)
  2 orc wizards
  3 ogre zombies (D:9)
  20 gnolls
  6 adders
  3 shadow imps
  2 white imps (D:6)
  2 ribbon worms (D:2)
  20 orcs
  9 ball pythons
  4 endoplasms
  4 giant cockroaches
  A gnoll zombie (D:9)
  7 goblins
  9 hobgoblins
  5 jackals
  31 kobolds
  A quokka (D:1)
  8 bats
  5 frilled lizards
  A gnoll skeleton (D:9)
  2 orc skeletons (D:9)
  9 orc zombies (D:9)
  7 rats
261 creatures vanquished.

Vanquished Creatures (collateral kills)
  3 two-headed ogres
  A boulder beetle (D:11)
  A shining eye (Gauntlet)
  A gargoyle (D:9)
  A kobold demonologist (D:11)
  2 trolls
  3 glass eyes
  A shadow (D:9)
  2 slime creatures
  3 yaks
  A golden eye (Gauntlet)
  A vampire mosquito (D:11)
  An acid dragon (D:9)
  A water moccasin (D:6)
  5 orc warriors (Bailey)
  3 centaurs (Bailey)
  A kobold brigand (D:11)
  A bullfrog (D:9)
  A scorpion (D:7)
  A wight (D:10)
  A killer bee (D:9)
  2 howler monkeys
  An orc priest (D:9)
  A hound (D:6)
  An orc wizard (D:10)
  3 ogre zombies (D:9)
  5 gnolls
  19 orcs
  A kobold (D:11)
  6 orc zombies (D:9)
74 creatures vanquished.

Vanquished Creatures (others)
  7 battlemagi
  An ancestor (D:6)
  4 starspawn tentacles (Abyss:2)
12 creatures vanquished.

Grand Total: 347 creatures vanquished

Notes
Turn   | Place    | Note
-------+----------+-------------------------------------------
     0 | D:1      | Doomgape the Gargoyle Fighter began the quest for the Orb.
     0 | D:1      | Reached XP level 1. HP: 14/14 MP: 1/1
    94 | D:1      | Reached XP level 2. HP: 19/19 MP: 2/2
   310 | D:1      | Identified a scroll of acquirement
   310 | D:1      | Acquired a manual of Shields
   467 | D:1      | Found a faded altar of an unknown god.
   489 | D:1      | Reached XP level 3. HP: 23/23 MP: 3/3
   763 | D:2      | Noticed Sigmund
   775 | D:2      | Killed Sigmund
   776 | D:2      | Reached skill level 5 in Shields
   776 | D:2      | Reached XP level 4. HP: 17/30 MP: 4/4
   776 | D:2      | Reached XP level 5. HP: 19/34 MP: 5/5
  1115 | D:2      | Reached XP level 6. HP: 37/39 MP: 6/6
  1596 | D:3      | Found Radit's Antique Armour Shoppe.
  1693 | D:3      | Found a hide-covered altar of Uskayaw.
  1703 | D:3      | Noticed Ijyb
  1705 | D:3      | Paralysed by Ijyb for 2 turns
  1714 | D:3      | Paralysed by Ijyb for 4 turns
  1723 | D:3      | Killed Ijyb
  2484 | D:4      | Gained mutation: Your body sometimes deteriorates upon
                  | taking damage. [potion of mutation]
  2533 | D:4      | Reached skill level 6 in Shields
  2816 | D:4      | Reached skill level 5 in Armour
  2854 | D:4      | Found a staircase to the Ecumenical Temple.
  2860 | Temple   | Entered the Ecumenical Temple
  2865 | Temple   | Became a worshipper of Hepliaklqana the Forgotten
  3240 | D:5      | Entered Level 5 of the Dungeon
  3250 | D:5      | Reached skill level 5 in Fighting
  3250 | D:5      | Reached XP level 7. HP: 42/44 MP: 7/7
  3560 | D:5      | Found an ornate altar of the Wu Jian Council.
  3857 | D:5      | Identified the +10 hammer of the Turnip {freeze, rC++}
  3860 | D:5      | Found a runed translucent door.
  3861 | D:5      | Noticed Crazy Yiuf
  3873 | D:5      | Killed Crazy Yiuf
  3899 | D:5      | Identified the +1 hammer of Dahog {flame, rC+}
  3998 | D:5      | Reached * piety under Hepliaklqana
  4174 | D:5      | Acquired the +7 morningstar of False Hope {pain, rF+ Str+5}
  4347 | D:5      | Reached skill level 7 in Shields
  4672 | D:6      | Reached XP level 8. HP: 45/45 MP: 8/8
  4714 | D:6      | Found an iron altar of Okawaru.
  4759 | D:6      | Reached skill level 8 in Shields
  4823 | D:6      | Reached ** piety under Hepliaklqana
  4828 | D:6      | Reached skill level 5 in Maces & Flails
  5453 | D:7      | Found a stormy altar of Qazlal.
  5455 | D:7      | Found a shimmering blue altar of Sif Muna.
  5496 | D:7      | Found a radiant altar of Vehumet.
  5597 | D:7      | Found a broken altar of Ashenzari.
  5754 | D:7      | Reached skill level 9 in Shields
  5754 | D:7      | Remembered your ancestor Suka as a battlemage
  6194 | D:8      | Reached XP level 9. HP: 33/50 MP: 9/9
  6415 | D:8      | Acquired 552 gold pieces
  6497 | D:8      | Reached *** piety under Hepliaklqana
  6586 | D:8      | Found a sparkling altar of Nemelex Xobeh.
  6586 | D:8      | Found a sacrificial altar of Ru.
  6643 | D:8      | Found a staircase to the Lair.
  6729 | D:8      | Found a flagged portal.
  6733 | D:8      | Noticed Maurice
  6738 | Bailey   | Entered a bailey
  6943 | Bailey   | Reached skill level 10 in Shields
  7135 | Bailey   | Reached skill level 11 in Shields
  7278 | Bailey   | Reached XP level 10. HP: 57/57 MP: 10/10
  7839 | D:8      | Something stole 30 javelins
  7843 | D:8      | Killed Maurice
  8039 | D:9      | Found a staircase to the Orcish Mines.
  8052 | D:9      | Reached skill level 12 in Shields
  8246 | D:9      | Reached skill level 10 in Armour
  8259 | D:9      | Noticed a two-headed ogre
  8268 | D:9      | Killed a two-headed ogre
  8269 | D:9      | Reached skill level 13 in Shields
  8269 | D:9      | Reached XP level 11. HP: 19/64 MP: 11/11
  8450 | D:9      | Reached skill level 10 in Fighting
  8508 | D:9      | Noticed a boulder beetle
  8509 | D:9      | Noticed a centaur warrior
  8510 | D:9      | Noticed nitefall's ghost (journeyman DjCj)
  8511 | D:9      | Found a runed translucent gate.
  8511 | D:9      | Found a runed translucent gate.
  8511 | D:9      | Found a runed translucent gate.
  8511 | D:9      | Noticed a two-headed ogre
  8686 | D:9      | Found Xekeuch's Book Emporium.
  9064 | D:10     | Entered Level 10 of the Dungeon
  9087 | D:10     | Reached **** piety under Hepliaklqana
  9095 | D:10     | Found a glowing golden altar of the Shining One.
  9109 | D:10     | Found a basalt altar of Yredelemnul.
  9111 | D:10     | Noticed a profane servitor
  9227 | D:10     | Noticed a two-headed ogre
  9233 | D:10     | Killed a two-headed ogre
  9252 | D:10     | Found a blossoming altar of Fedhas.
  9296 | D:10     | Noticed a two-headed ogre
  9301 | D:10     | Killed a two-headed ogre
  9302 | D:10     | Reached skill level 14 in Shields
  9790 | D:10     | Noticed an angel
  9818 | D:11     | Noticed a two-headed ogre
  9825 | D:11     | Killed a two-headed ogre
  9826 | D:11     | Reached skill level 1 in Invocations
  9951 | D:11     | Noticed a boulder beetle
  9957 | D:11     | Noticed a manticore
  9959 | D:11     | Killed a boulder beetle
  9965 | D:11     | Killed a manticore
 10066 | D:11     | Noticed a two-headed ogre
 10078 | D:11     | Reached XP level 12. HP: 70/70 MP: 12/14
 10088 | D:11     | Killed a two-headed ogre
 10089 | D:11     | Reached skill level 15 in Shields
 10607 | D:11     | Noticed a sun demon
 10609 | D:11     | Reached skill level 10 in Maces & Flails
 10904 | D:12     | Found a gate leading to a gauntlet.
 11045 | Gauntlet | Entered a Gauntlet
 11045 | Gauntlet | Noticed a soul eater
 11045 | Gauntlet | Found a transporter.
 11054 | Gauntlet | Found a transporter.
 11056 | Gauntlet | Found a transporter.
 11073 | Gauntlet | Found a transporter.
 11074 | Gauntlet | Found a transporter.
 11081 | Gauntlet | Found a runed translucent door.
 11084 | Gauntlet | Found a transporter.
 11090 | Gauntlet | Noticed a wretched star
 11098 | Gauntlet | Found a runed translucent gate.
 11099 | Gauntlet | Found a transporter.
 11099 | Gauntlet | Found a runed translucent gate.
 11100 | Gauntlet | Found a runed translucent gate.
 11109 | Gauntlet | Found a transporter.
 11119 | Gauntlet | Found a transporter.
 11136 | Gauntlet | Found a transporter.
 11142 | Gauntlet | Found a transporter.
 11144 | Gauntlet | Found a transporter.
 11193 | Gauntlet | Killed a soul eater
 11230 | Gauntlet | Found a transporter.
 11244 | Gauntlet | Identified the ring "Gaodda" {*Slow rPois rC+ Str+4 SInv}
 11304 | Gauntlet | Noticed a death scarab
 11305 | Gauntlet | Noticed a tengu warrior
 11309 | Gauntlet | Reached skill level 5 in Invocations
 11419 | Gauntlet | Noticed a minotaur
 11435 | Gauntlet | Killed a minotaur
 11436 | Gauntlet | Reached skill level 16 in Shields
 11814 | D:12     | Noticed an occultist
 11815 | D:12     | Noticed a rakshasa
 11821 | D:12     | Noticed a boulder beetle
 11824 | Abyss:2  | Cast into level 2 of the Abyss (an occultist)
 11898 | Abyss:2  | Reached ***** piety under Hepliaklqana
 11907 | Abyss:2  | Noticed a starcursed mass
 11914 | Abyss:2  | Noticed a tentacled starspawn
 11929 | Abyss:2  | Gained mutation: Your magical capacity is low. (-10% MP) [a
                  | neqoxec]
 11946 | Abyss:2  | Paralysed by accursed screaming for 1 turns
 11948 | Abyss:2  | Slain by a tentacled starspawn

Illustrated notes

Levels and vault maps discovered:
D:1:      dpeg_arrival_lava_altar, layout_rooms,
          shapermc_ecumenical_altar_ellora
D:2:      layout_loops_cross, minmay_divided_ellipse, uniq_sigmund
D:3:      layout_basic, eat_drink_and_be_merry_uskayaw, serial_shops, shop,
          uniq_ijyb
D:4:      kennysheep_kobold_camp, layout_loops_corners,
          minmay_temple_entry_metal_lava
D:5:      layout_gridville, mainiacjoe_overflow_boulevard,
          uniq_crazy_yiuf_cottage
D:6:      layout_loops_corners, mainiacjoe_overflow_catwalk
D:7:      layout_loops_ring, nicolae_ashenzari_panopticon, vehumet_statue,
          grunt_temple_overflow_open
D:8:      layout_basic, gammafunk_temple_overflow_elements, dpeg_oklobed_lair,
          enter_bailey_8, kennysheep_generic_room_2, uniq_maurice
D:9:      layout_roguey, zombieorc1_lemuel, gammafunk_ghost_split, serial_shops,
          nicolae_book_shop_shelving, onia_ninara_cookie
D:10:     layout_long_grid, grunt_temple_overflow_holy_war,
          overflow_temple_1_default
D:11:     layout_loops_ring
D:12:     layout_rooms, gauntlet_entry_generic,
          minmay_fractal_squares_gapless_7, uniq_frances, uniq_erolcha
Temple:   compressed_dpeg_circular_temple
Abyss:2:  base: D:12, hangedman_abyss_river_spirits, evilmike_abyss_exit_11

Skill      XL: |  1  2  3  4  5  6  7  8  9 10 11 12 |
---------------+-------------------------------------+-----
Fighting       | 4 5 6 8 9 10 | 10.5
Maces & Flails | 3 4 5 7 8 9 10 | 10.8
Armour         | 4 5 6 8 10 12 14 | 14.6
Shields        | 5 6 7 9 11 13 14 16 | 16.4
Invocations    | 2 6 |  6.0

Action                     |  1- 3 |  4- 6 |  7- 9 | 10-12 || total
---------------------------+-------+-------+-------+-------++-------
  Melee: Flail             |   104 |   304 |    31 |       ||   439
         Morningstar       |       |       |   154 |   339 ||   493
         Mace              |       |       |     5 |       ||     5
 Invoke: Ancestor Identity |       |       |     1 |       ||     1
         Ancestor Life: Ba |       |       |     1 |       ||     1
  Evoke: Wand              |       |       |     6 |    12 ||    18
    Use: Scroll            |     3 |     5 |    12 |     9 ||    29
         Potion            |     1 |     1 |     5 |     4 ||    11
   Stab: Paralysed         |       |       |     3 |     1 ||     4
         Distracted        |       |       |       |     4 ||     4
 Armour: Scale mail        |    32 |       |       |       ||    32
         Chain mail        |    58 |   275 |    14 |       ||   347
         Plate armour      |       |       |   175 |   301 ||   476
  Dodge: Dodged            |    54 |   140 |    72 |    85 ||   351
  Block: Buckler           |    25 |    91 |    30 |       ||   146
         Kite shield       |       |       |    36 |   244 ||   280
